 Dungeon Crawl Stone Soup version 0.20.1-1-g8b1a95d (webtiles) character file.

25677 Feta the Cleaver (level 12, -13/111 HPs)
             Began as a Minotaur Fighter on Oct 9, 2017.
             Was a Priest of the Shining One.
             Killed from afar by a fire dragon (33 damage)
             ... with a blast of flame
             ... in a volcano.
             The game lasted 00:34:05 (14261 turns).

Feta the Cleaver (Minotaur Fighter)                Turns: 14261, Time: 00:34:06

Health: -13/111    AC: 13    Str: 21    XL:     12   Next: 91%
Magic:  12/15      EV: 14    Int:  5    God:    the Shining One [***...]
Gold:   691        SH: 21    Dex: 15    Spells: 11/11 levels left

rFire    . . .     SeeInvis .   a - +3 broad axe
rCold    + . .     Gourm    .   R - +0 shield
rNeg     + + .     Faith    .   s - +0 scale mail
rPois    .         Spirit   .   (helmet restricted)
rElec    .         Reflect  .   (no cloak)
rCorr    .         Harm     .   t - +0 pair of gloves
MR       .....                  l - +2 pair of boots
Stlth    ..........             (no amulet)
Regen    0.3/turn               o - +6 ring of slaying
MPRegen  0.2/turn               I - ring of positive energy

@: divine shield, glowing
A: retaliatory headbutt, hooves 1, horns 2, cold resistance 1
a: Divine Shield, Renounce Religion


You were in a volcano.
You worshipped the Shining One.
The Shining One was most pleased with you.
You were not hungry.

You visited 3 branches of the dungeon, and saw 15 of its levels.
You also visited: Ossuary and Volcano.

You collected 722 gold pieces.
You donated 31 gold pieces to Zin.

Inventory:

Hand Weapons
 a - a +3 broad axe (weapon)
 b - a +0 hand crossbow
 x - a +0 flail
Missiles
 B - 117 bolts
Armour
 l - a +2 pair of boots (worn)
 s - a +0 scale mail (worn)
 t - a +0 pair of gloves (worn)
 R - a +0 shield (worn)
Jewellery
 o - a +6 ring of slaying (left hand)
 I - a ring of positive energy (right hand)
Wands
 f - a wand of scattershot (5/9)
 i - a wand of acid (2/15)
 k - a wand of confusion (16/48)
 N - a wand of disintegration (11/24)
 O - a wand of paralysis (12/24)
 P - a wand of lightning (8/15)
 S - a wand of digging (14/24)
 T - a wand of polymorph (13/24)
Scrolls
 h - 5 scrolls of amnesia
 n - 7 scrolls of remove curse
 p - 5 scrolls of fear
 y - 9 scrolls of teleportation
 C - 6 scrolls of enchant armour
 G - 5 scrolls of blinking
 H - a scroll of fog
 M - a scroll of silence
Potions
 c - 4 potions of might
 g - 6 potions of mutation
 q - 2 potions of flight
 v - a potion of agility
 z - a potion of berserk rage
 A - 5 potions of ambrosia
 F - 2 potions of brilliance
 J - 4 potions of curing
 K - 2 potions of heal wounds
 L - a potion of haste
Comestibles
 d - 8 bread rations
 j - 7 meat rations
 u - 8 fruits
 E - 6 royal jellies


   Skills:
 + Level 11.7 Fighting
 + Level 13.3 Axes
 + Level 4.1 Crossbows
 + Level 10.8 Armour
 + Level 7.3 Dodging
 + Level 11.6 Shields
 - Level 2.1 Unarmed Combat
 * Level 6.5 Invocations


You had 11 spell levels left.
You didn't know any spells.

Dungeon Overview and Level Annotations

Branches:
Dungeon (10/15)            Temple (1/1) D:7            Lair (4/6) D:10
 Shoals (0/4) Lair:2        Snake (0/4) Lair:3
    Orc: D:9-12

Altars:
Ashenzari
Cheibriados
Elyvilon
Fedhas
Gozag
Hepliaklqana
Kikubaaqudgha
Makhleb
Nemelex Xobeh
Okawaru
Qazlal
Ru
Sif Muna
Trog
Uskayaw
Vehumet
Xom
Yredelemnul
Zin
The Shining One

Shops:
D:9 (

Annotations:
D:8 exclusion: statue
Lair:3 exclusion: 2 oklob plants


Innate Abilities, Weirdness & Mutations

You reflexively headbutt those who attack you in melee.
You have a pair of horns on your head.
You have large cloven feet.
Your flesh is cold resistant. (rC+)


Message History

You slice the fire dragon!!
You headbutt the fire dragon, but do no damage.
The fire dragon is heavily wounded.
The fire dragon breathes flames at you. The blast of flame hits you!
* * * LOW HITPOINT WARNING * * *
You are too injured to fight recklessly!
You are too injured to fight recklessly!
Unknown command.
Your shield is strengthened by the Shining One's divine power.
You feel slightly more hungry. You block the fire dragon's attack.
The fire dragon claws you!
* * * LOW HITPOINT WARNING * * *
The fire dragon tramples you but does no damage.
You hit the fire dragon but do no damage.
Your headbutt misses the fire dragon.
The fire dragon is heavily wounded.
The fire dragon breathes flames at you. The blast of flame hits you!
You die...

§§§§§≈..P♣P≈§♣P...P
§§§≈≈≈♣...≈≈§§≈P♣♣♣ ≈
≈§§≈≈§§§P.P§≈§≈≈≈§≈
≈≈♣♣♣♣♣≈≈§≈§§...♣♣≈≈§≈≈§
§...P.♣♣≈≈§≈≈P..P♣♣§§≈§§
. ![..P♣≈§≈≈§≈♣P.P♣≈≈≈§§
.$.♣...♣♣≈§§≈≈§...♣♣≈≈≈≈
♣.$.P...♣♣≈§≈≈§.♣.P♣≈≈≈≈
.!....D@.♣≈§≈≈≈P..♣♣≈≈≈≈
$P....♣♣.♣♣≈§≈≈♣...♣≈≈≈≈
§.!.. ♣♣.P♣≈≈≈..P.P♣≈≈§♣
.♣$. ♣.....≈.♣.[.♣♣≈≈♣♣
$.. ♣P♣.§.♣.P..♣♣≈§≈≈P
.P ♣♣♣§P..P..♣♣≈§§§§♣ [
♣§§§PP..P§≈§§≈♣§.
♣≈§§§♣.P§§≈≈§♣♣P.
≈≈≈≈≈≈≈§§§≈§§§♣...


You could see a fire dragon.

Vanquished Creatures
  The ghost of rollingbeatlefloyd the Protected, a journeyman HOMo of Beogh (Lair:3)
  6 two-headed ogres
  3 salamanders (Volcano)
  A manticore (Lair:2)
  3 black mambas
  A torpor snail (Lair:4)
  4 komodo dragons
  5 spiny frogs
  A rime drake (Lair:2)
  2 trolls (D:10)
  8 hippogriffs
  Sigmund (D:4)
  8 wyverns (Volcano)
  23 yaks
  3 basilisks
  A hungry ghost (D:9)
  4 fire bats (Volcano)
  2 steam dragons
  5 nagas (Lair:3)
  11 porcupines
  7 water moccasins
  3 ice beasts
  5 sky beasts
  4 orc warriors
  A black bear (D:9)
  7 ogres
  4 phantoms
  A centaur (D:8)
  5 crocodiles
  A big kobold (D:8)
  12 bullfrogs
  7 scorpions
  4 killer bees (D:8)
  A centaur zombie (Ossuary)
  3 crimson imps
  2 bullfrog zombies
  3 human zombies (Ossuary)
  6 orc priests
  3 bullfrog skeletons
  9 orc wizards
  A centaur skeleton (D:4)
  An iguana (D:5)
  10 worker ants
  A big kobold zombie (Ossuary)
  3 mummies (Ossuary)
  A hound skeleton (D:5)
  A worker ant zombie (D:9)
  7 gnolls
  14 adders
  2 scorpion zombies (Ossuary)
  2 shadow imps
  3 oozes
  2 adder skeletons
  2 adder zombies
  A dart slug (D:1)
  2 worms
  5 leopard geckos
  29 orcs
  2 ball pythons
  5 bats
  5 giant cockroaches
  4 gnoll zombies (Ossuary)
  2 goblins (D:2)
  5 hobgoblins
  5 jackals
  7 quokkas
  3 frilled lizards
  2 goblin zombies (Ossuary)
  A hobgoblin zombie (Ossuary)
  11 kobolds
  3 kobold zombies (Ossuary)
  A leopard gecko skeleton (D:5)
  An orc zombie (Ossuary)
  A quokka skeleton (D:4)
  A quokka zombie (D:6)
  8 rats
335 creatures vanquished.

Vanquished Creatures (others)
  8 plants
8 creatures vanquished.

Grand Total: 343 creatures vanquished

Notes
Turn   | Place    | Note
-------+----------+-------------------------------------------
     0 | D:1      | Feta the Minotaur Fighter began the quest for the Orb.
     0 | D:1      | Reached XP level 1. HP: 19/19 MP: 0/0
   214 | D:1      | Reached XP level 2. HP: 24/27 MP: 1/1
   658 | D:2      | Found a glowing silver altar of Zin.
   701 | D:2      | Reached XP level 3. HP: 33/33 MP: 2/2
  1288 | D:2      | Reached XP level 4. HP: 39/41 MP: 3/3
  1368 | D:2      | Reached skill level 1 in Dodging
  1545 | D:2      | Became a worshipper of Zin the Law-Giver
  1545 | D:2      | Reached * piety under Zin
  1750 | D:3      | Reached skill level 5 in Fighting
  2094 | D:3      | Reached skill level 5 in Armour
  2094 | D:3      | Reached XP level 5. HP: 40/48 MP: 4/4
  2313 | D:3      | Reached skill level 5 in Shields
  2476 | D:3      | Found a white marble altar of Elyvilon.
  2681 | D:4      | Reached XP level 6. HP: 56/56 MP: 5/5
  2838 | D:4      | Reached ** piety under Zin
  2916 | D:4      | Noticed Sigmund
  2936 | D:4      | Killed Sigmund
  3290 | D:4      | Reached XP level 7. HP: 61/61 MP: 6/6
  3741 | D:5      | Entered Level 5 of the Dungeon
  4173 | D:5      | Reached XP level 8. HP: 69/71 MP: 7/7
  4261 | D:5      | Found a sand-covered staircase.
  4275 | Ossuary  | Entered an ossuary
  4307 | Ossuary  | Reached *** piety under Zin
  4397 | Ossuary  | Gained mutation: Your magical capacity is low. (-10% MP) [potion of mutation]
  5097 | D:6      | Reached skill level 5 in Dodging
  5148 | D:6      | Reached XP level 9. HP: 81/81 MP: 7/7
  5195 | D:6      | Found a shimmering altar of Xom.
  5195 | D:6      | Found a sparkling altar of Nemelex Xobeh.
  5478 | D:6      | Reached skill level 1 in Axes
  6065 | D:7      | Reached skill level 2 in Axes
  6107 | D:7      | Reached skill level 3 in Axes
  6340 | D:7      | Found a staircase to the Ecumenical Temple.
  6347 | Temple   | Entered the Ecumenical Temple
  6405 | Temple   | Fell from the grace of Zin
  6405 | Temple   | Became a worshipper of the Shining One
  6405 | Temple   | Reached * piety under the Shining One
  6656 | D:7      | Found a flagged portal.
  6918 | D:8      | Found a radiant altar of Vehumet.
  6918 | D:8      | Noticed a two-headed ogre
  6918 | D:8      | Reached ** piety under the Shining One
  6924 | D:8      | Reached skill level 4 in Axes
  6932 | D:8      | Killed a two-headed ogre
  6932 | D:8      | Reached skill level 5 in Axes
  6932 | D:8      | Reached XP level 10. HP: 15/91 MP: 8/8
  7261 | D:8      | Noticed a two-headed ogre
  7269 | D:8      | Killed a two-headed ogre
  7269 | D:8      | Reached skill level 6 in Axes
  7975 | D:8      | Reached skill level 7 in Axes
  7975 | D:8      | Reached skill level 10 in Shields
  8279 | D:9      | Found Heapsikh's Antique Weapon Shoppe.
  8473 | D:9      | Reached skill level 8 in Axes
  8606 | D:9      | Found a deep blue altar of Sif Muna.
  8951 | D:10     | Entered Level 10 of the Dungeon
  8959 | D:10     | Reached skill level 9 in Axes
  9008 | D:10     | Lost mutation: Your magical capacity is low. (-10% MP) [potion of mutation]
  9008 | D:10     | Gained mutation: Your flesh is cold resistant. (rC+) [potion of mutation]
  9008 | D:10     | Gained mutation: You have large cloven feet. [potion of mutation]
  9144 | D:10     | Reached skill level 1 in Invocations
  9147 | D:10     | Reached skill level 10 in Fighting
  9156 | D:10     | Reached XP level 11. HP: 70/99 MP: 9/11
  9158 | D:10     | Reached skill level 1 in Crossbows
  9375 | D:10     | Found a staircase to the Lair.
  9375 | D:10     | Reached *** piety under the Shining One
  9863 | Lair:1   | Entered Level 1 of the Lair of Beasts
  9944 | Lair:1   | Found a snail-covered altar of Cheibriados.
 10074 | Lair:1   | Reached skill level 10 in Axes
 10074 | Lair:1   | Reached skill level 10 in Armour
 10769 | Lair:2   | Found a staircase to the Shoals.
 11992 | Lair:2   | Reached skill level 11 in Axes
 12303 | Lair:3   | Noticed an oklob plant
 12309 | Lair:3   | Reached XP level 12. HP: 94/108 MP: 14/14
 12503 | Lair:3   | Found a staircase to the Snake Pit.
 12514 | Lair:3   | Reached skill level 5 in Invocations
 12758 | Lair:3   | Noticed rollingbeatlefloyd's ghost (journeyman HOMo)
 13043 | Lair:3   | Killed rollingbeatlefloyd's ghost
 13043 | Lair:3   | Reached skill level 12 in Axes
 13643 | Lair:4   | Found a dark tunnel.
 13652 | Volcano  | Entered a volcano
 13654 | Volcano  | Noticed a two-headed ogre
 13671 | Volcano  | Killed a two-headed ogre
 13707 | Volcano  | Noticed a two-headed ogre
 13714 | Volcano  | Killed a two-headed ogre
 13748 | Volcano  | Noticed a two-headed ogre
 13756 | Volcano  | Killed a two-headed ogre
 13951 | Volcano  | Reached skill level 13 in Axes
 13993 | Volcano  | Noticed a two-headed ogre
 14001 | Volcano  | Killed a two-headed ogre
 14251 | Volcano  | Noticed a fire dragon
 14261 | Volcano  | Killed from afar by a fire dragon

Skill      XL: |  1  2  3  4  5  6  7  8  9 10 11 12 |
---------------+-------------------------------------+-----
Fighting       | 4 5 6 7 9 10 11 | 11.7
Armour         | 4 5 6 7 8 9 10 | 10.8
Shields        | 4 5 6 8 9 10 11 | 11.6
Dodging        | 1 2 3 5 6 7 |  7.3
Axes           | 5 9 11 13 | 13.3
Invocations    | 1 4 6 |  6.5
Crossbows      | 4 |  4.1
Unarmed Combat | |  2.1

Action                   |  1- 3 |  4- 6 |  7- 9 | 10-12 || total
-------------------------+-------+-------+-------+-------++-------
Melee: Whip              |    79 |    57 |       |       ||   136
       Unarmed           |     7 |       |       |       ||     7
       Headbutt          |    14 |    15 |    60 |    69 ||   158
       Dagger            |     3 |       |       |       ||     3
       Flail             |       |    11 |     1 |       ||    12
       Trident           |       |    30 |   198 |       ||   228
       Hand axe          |       |       |   103 |   112 ||   215
       Broad axe         |       |       |       |   278 ||   278
 Fire: Hand crossbow     |       |       |       |    67 ||    67
Invok: Vitalisation      |       |       |     1 |       ||     1
       Divine Shield     |       |       |       |     5 ||     5
  Use: Scroll            |       |       |    10 |    16 ||    26
       Potion            |       |       |     2 |     2 ||     4
  Eat: Chunk             |     1 |     4 |     7 |    26 ||    38
       Royal jelly       |       |     1 |       |       ||     1
       Fruit             |       |       |     1 |       ||     1
       Meat ration       |       |       |     1 |       ||     1
Armor: Scale mail        |    39 |    37 |   107 |    91 ||   274
Dodge: Dodged            |    18 |    30 |    97 |   171 ||   316
Block: Shield            |    42 |    36 |   153 |   264 ||   495
